 Dungeon Crawl Stone Soup version 0.20.1-1-g8b1a95d (webtiles) character file.

102 Gatuga the Digger (level 4, -8/24 HPs)
             Began as a Deep Elf Earth Elementalist on July 22, 2017.
             Mangled by an orc warrior
             ... wielding a +0 trident
              (9 damage)
             ... on level 3 of the Dungeon.
             The game lasted 00:09:00 (1894 turns).

Gatuga the Digger (Deep Elf Earth Elementalist)     Turns: 1894, Time: 00:09:00

Health: -8/24      AC:  2    Str:  5    XL:     4   Next: 49%
Magic:  10/12      EV: 13    Int: 21    God:
Gold:   117        SH:  0    Dex: 15    Spells: 10/11 levels left

rFire    . . .     SeeInvis .   s - +0 dagger
rCold    . . .     Gourm    .   (no shield)
rNeg     . . .     Faith    .   c - +0 robe
rPois    .         Spirit   .   (no helmet)
rElec    .         Reflect  .   (no cloak)
rCorr    .         Harm     .   (no gloves)
MR       .....                  (no boots)
Stlth    ++........             (no amulet)
Regen    0.1/turn               (no ring)
MPRegen  0.2/turn               (no ring)

@: no status effects
A: no striking features
a: no special abilities


You were on level 3 of the Dungeon.
You were not hungry.

You visited 1 branch of the dungeon, and saw 3 of its levels.

You collected 117 gold pieces.

Inventory:

Hand Weapons
 s - a +0 dagger (weapon)
Missiles
 b - 24 stones (quivered)
Armour
 c - a +0 robe (worn)
Jewellery
 h - a +4 ring of intelligence {unknown}
 q - an uncursed ring of ice {unknown}
Wands
 r - a wand of confusion (13/48)
Scrolls
 a - a scroll of immolation {unknown}
 f - a scroll of identify {unknown}
 n - a scroll of remove curse {unknown}
Potions
 g - a potion of agility {unknown}
 j - 2 potions of brilliance {unknown}
 k - a potion of heal wounds {unknown}
 l - a potion of curing {unknown}
 o - a potion of cancellation {unknown}
 p - a potion of degeneration {unknown}
Books
 e - a book of Geomancy

   Spells                             Type                      Level
   a - Sandblast                      Earth                        1
   b - Passwall                       Transmutation/Earth          2
   c - Stone Arrow                    Conjuration/Earth            3
   d - Petrify                        Transmutation/Earth          4
   e - Lee's Rapid Deconstruction     Earth                        5
Comestibles
 d - 2 bread rations
 i - a royal jelly
 m - a meat ration


   Skills:
 + Level 0.1 Fighting
 + Level 3.1 Dodging
 + Level 2.6 Stealth
 + Level 0.1 Unarmed Combat
 + Level 4.1 Spellcasting
   Level 1.1 Transmutations
 + Level 4.8 Earth Magic


You had 10 spell levels left.
You knew the following spells:

 Your Spells              Type           Power        Failure   Level  Hunger
a - Sandblast             Erth           ###...       1%          1    None


Dungeon Overview and Level Annotations

Branches:
Dungeon (3/15)

Altars:


Message History

Casting: Sandblast
Confirm with . or Enter, or press ? or * to list all spells.
Aiming: Sandblast
Press: ? - help, Shift-Dir - straight line, f - orc warrior
Aim: an orc warrior, wielding a trident and wearing a shiny plate armour The blast of sand hits the orc warrior.
The orc warrior is lightly wounded.
b - 25 stones The orc warrior hits you with a trident.
* * * LOW HITPOINT WARNING * * *
Casting: Sandblast
Confirm with . or Enter, or press ? or * to list all spells.
Aiming: Sandblast
Press: ? - help, Shift-Dir - straight line, f/p - orc warrior
Aim: an orc warrior, wielding a trident and wearing a shiny plate armour (lightly wounded)
The blast of sand hits the orc warrior.
The orc warrior is lightly wounded.
b - 24 stones The orc warrior hits you with a trident!
You die...

##### ##...## ######
#.###.#####.....
####.#.).......#### #
#...).).)......####
..#.##<##....######.....
#......##.####### ######
.......o@.........
...<.%......######
.....######## #####


You could see an orc warrior.

Vanquished Creatures
  An orc priest (D:3)
  3 adders (D:2)
  A leopard gecko (D:2)
  2 orcs (D:3)
  A ball python (D:2)
  3 bats
  2 goblins (D:2)
  9 hobgoblins
  5 jackals (D:1)
  5 kobolds
  2 frilled lizards
  5 rats
39 creatures vanquished.

Notes
Turn   | Place    | Note
-------+----------+-------------------------------------------
     0 | D:1      | Gatuga the Deep Elf Earth Elementalist began the quest for the Orb.
     0 | D:1      | Reached XP level 1. HP: 10/10 MP: 6/6
   239 | D:1      | Reached XP level 2. HP: 15/15 MP: 6/8
  1013 | D:2      | Reached XP level 3. HP: 19/19 MP: 6/10
  1595 | D:3      | Noticed an orc warrior
  1609 | D:3      | Reached XP level 4. HP: 4/24 MP: 9/12
  1893 | D:3      | HP: 1/24 [orc warrior/trident (2)]
  1894 | D:3      | Mangled by an orc warrior

Skill      XL: |  1  2  3 |
---------------+----------+-----
Earth Magic    | 4 |  4.8
Dodging        | 3 |  3.1
Spellcasting   | 4 |  4.1
Fighting       | |  0.1
Stealth        | |  2.6
Unarmed Combat | |  0.1
Transmutations | |  1.1

Action                   |  1- 3 |  4- 6 || total
-------------------------+-------+-------++-------
Melee: Unarmed           |    12 |       ||    12
       Dagger            |    33 |     1 ||    34
 Cast: Sandblast         |    50 |     7 ||    57
  Eat: Chunk             |     2 |     1 ||     3
Armor: Robe              |    12 |       ||    12
Dodge: Dodged            |    58 |     2 ||    60
